 Dungeon Crawl Stone Soup version 0.31-a0-934-gf4fcaacff8 (webtiles) character file.

Game seed: 1231438819512985457

424 BinkBink the Trooper (level 6, -3/71 HPs)
             Began as an Ogre Monk on Oct 20, 2023.
             Slain by a scorpion (6 damage)
             ... on level 4 of the Dungeon.
             The game lasted 00:04:37 (3106 turns).

BinkBink the Trooper (Ogre Monk)                    Turns: 3106, Time: 00:04:37

Health: -3/71      AC:  3    Str: 18    XL:     6   Next: 96%
Magic:  6/6        EV: 10    Int: 11    God:
Gold:   103        SH:  0    Dex: 11    Spells: 5/5 levels left

rFire   . . .        a - +0 hand axe
rCold   . . .        d - orb {light}
rNeg    . . .        b - +0 robe
rPois   .            (helmet restricted)
rElec   .            (no cloak)
rCorr   .            (gloves unavailable)
SInv    .            (boots unavailable)
Will    .....        (no amulet)
Stlth   +            (no ring)
HPRegen 0.31/turn    (no ring)
MPRegen 0.10/turn

%: no passive effects
@: mighty, brilliant, lethally poisoned (-3 -> -8), glowing
A: large, unfitting armour, tough skin 1
a: no special abilities


You were on level 4 of the Dungeon.
You visited 1 branch of the dungeon, and saw 4 of its levels.

You collected 103 gold pieces.

Inventory:

Hand Weapons
 a - a +0 hand axe (weapon)
Armour
 b - a +0 robe (worn)
 d - an orb of light (worn)
Jewellery
 l - an amulet of the acrobat
Wands
 k - a wand of light (9)
Scrolls
 c - a scroll of blinking {unknown}
 e - 2 scrolls of noise {unknown}
 g - 2 scrolls of identify {unknown}
 h - a scroll of fear {unknown}
 j - 3 scrolls of poison {unknown}
 m - a scroll of fog {unknown}
Potions
 o - a potion of mutation {unknown}
 p - a potion of heal wounds {unknown}


   Skills:
 * Level 7.6 Fighting
 * Level 5.7 Axes
 - Level 2.6 Dodging


You had 5 spell levels left.
You didn't know any spells.
Your spell library was empty.

Dungeon Overview and Level Annotations

Branches:
Dungeon (4/15)
 Temple: D:4-7

Altars:
Elyvilon
The Shining One


Innate Abilities, Weirdness & Mutations

You are too large for most types of armour.
You have tough skin. (AC +1)


Message History

You hit the scorpion.
The scorpion is severely wounded.
The scorpion stings you! The scorpion stings you.
You hit the scorpion but do no damage.
The scorpion is severely wounded.
The scorpion stings you but does no damage.
You completely miss the scorpion.
The scorpion is severely wounded.
The scorpion stings you.
You are poisoned.
The scorpion poisons you!
You barely miss the scorpion.
The scorpion is severely wounded.
You feel very sick. The scorpion barely misses you.
You feel better. The scorpion stings you. The scorpion barely misses you.
You hit the scorpion but do no damage.
The scorpion is severely wounded.
The scorpion stings you but does no damage.
You barely miss the scorpion.
The scorpion is severely wounded.
The scorpion stings you!
* * * LOW HITPOINT WARNING * * *
You hit the scorpion.
The scorpion is severely wounded.
The scorpion stings you.
* * * LOW HITPOINT WARNING * * *
You are poisoned.
The scorpion poisons you!
It was a potion of might.
You feel very mighty all of a sudden.
* * * LOW HITPOINT WARNING * * *
You feel very sick. The scorpion stings you.
* * * LOW HITPOINT WARNING * * *
It was a potion of brilliance.
You feel clever all of a sudden.
* * * LOW HITPOINT WARNING * * *
You feel sick. The scorpion closely misses you. The scorpion stings you.
You die...

#. .. #####
##.#######...##
#......##.....##
#......#.......#
#......#..._...#
#......#.......#
######.##.....##
.........##.@†##.# #
######....##s##..# #.
##.....J....#
##..########...<.....#
...<..$..###.........#
..........#..........#
#....###.............#
#... ####.....######
... #####......#


You could see a scorpion and an endoplasm.

Vanquished Creatures
  Grinder (D:3)
  A scorpion (D:3)
  An orc priest (D:3)
  An iguana (D:4)
  3 adders
  2 worms (D:2)
  2 dart slugs
  4 orcs (D:3)
  5 bats
  2 endoplasms
  4 giant cockroaches
  4 goblins
  8 hobgoblins
  10 jackals
  3 quokkas
  6 ball pythons
  A frilled lizard (D:1)
  4 kobolds (D:2)
  15 rats
77 creatures vanquished.

Notes
Turn   | Place    | Note
-------+----------+-------------------------------------------
     0 | D:1      | BinkBink the Ogre Monk began the quest for the Orb.
     0 | D:1      | Reached XP level 1. HP: 24/24 MP: 1/1
    71 | D:1      | Reached XP level 2. HP: 29/33 MP: 2/2
   320 | D:1      | Reached XP level 3. HP: 37/40 MP: 3/3
   866 | D:2      | Reached skill level 5 in Fighting
  1306 | D:2      | Reached XP level 4. HP: 47/50 MP: 4/4
  1666 | D:3      | Noticed Grinder
  1733 | D:3      | Killed Grinder
  1734 | D:3      | Reached skill level 6 in Fighting
  1734 | D:3      | Reached skill level 5 in Axes
  1734 | D:3      | Reached XP level 5. HP: 19/61 MP: 5/5
  1734 | D:3      | Reached XP level 6. HP: 22/68 MP: 6/6
  2046 | D:3      | Reached skill level 7 in Fighting
  2399 | D:3      | Found a white marble altar of Elyvilon.
  2928 | D:4      | Found a glowing golden altar of the Shining One.
  3106 | D:4      | HP: 3/71 [poisoned by a scorpion]
  3106 | D:4      | Slain by a scorpion

Illustrated notes

Levels and vault maps discovered:
D:1:      spicycebolla_green_bress_n_ham, layout_basic
D:2:      layout_basic, nrook_uturn, due_unseen_surprise
D:3:      layout_basic, nicolae_elyvilon_temple_path, mrwooster_statue_mirror,
          lightli_corner_chamber, uniq_grinder
D:4:      layout_rooms, lemuel_round_altar,
          mainiacjoe_sewer_entry_somewhere_in_here_2

Skill      XL: |  1  2  3  4  5  6 |
---------------+-------------------+-----
Fighting       | 5 6 7 |  7.6
Axes           | 4 5 |  5.7
Dodging        | |  2.6

Action                     |  1- 3 |  4- 6 || total
---------------------------+-------+-------++-------
  Melee: Hand axe          |   115 |   129 ||   244
    Use: Potion            |     1 |     5 ||     6
 Armour: Robe              |    84 |    89 ||   173
  Dodge: Dodged            |    54 |    82 ||   136

Table legend: (Time is in decaauts)
 A = Elapsed time spent in this place.
 B = Non-inter-level travel time spent in this place.
 C = Inter-level travel time spent in this place.
 D = Time resting spent in this place.
 E = Time spent auto-exploring this place.
 F = Levels seen in this place.
 G = Mean time per level.
                   A        B        C        D        E       F      G
               +--------+--------+--------+--------+--------+-----+--------+
         Total |   3125 |   3032 |     93 |    402 |   2052 |   4 |  781.2 |
       Dungeon |   3125 |   3032 |     93 |    402 |   2052 |   4 |  781.2 |
               +--------+--------+--------+--------+--------+-----+--------+

Top non-repeatable levels by time:
     D:3: 1343 daAuts
     D:1: 828 daAuts
     D:2: 775 daAuts
     D:4: 178 daAuts
